 Dungeon Crawl Stone Soup version 0.17.1-3-g152610e (webtiles) character file.

38668 azaza322 the Blocker (level 14, -2/85 HPs)
             Began as a Gargoyle Fighter on Apr 4, 2016.
             Was the Champion of Okawaru.
             Splashed by an oklob plant's acid (14 damage)
             ... on level 4 of the Lair of Beasts on Apr 5, 2016.
             The game lasted 01:13:33 (18480 turns).

azaza322 the Blocker (Gargoyle Fighter)            Turns: 18480, Time: 01:13:34

Health: -2/85      AC: 11    Str: 24    XL:     14   Next: 3%
Magic:  5/5        EV: 13    Int: 12    God:    Okawaru [******]
Gold:   2427       SH: 14    Dex: 10    Spells: 0 memorised, 13 levels left

rFire  . . .     SeeInvis .     A - +10 mace "Gelour" {drain, rElec}
rCold  + . .     Clarity  .     S - +1 ring mail "Soroba" {rElec Regen+ MP-9 Int+3}
rNeg   + . .     SustAt   .     c - +0 shield
rPois  ∞         Gourm    .     (helmet restricted)
rElec  +         Spirit   .     K - +1 cloak {rPois}
rCorr  .         Warding  .     Y - +0 pair of gloves
rMut   +         Stasis   .     (no boots)
MR     ++...                    T - amulet of resist mutation
Stlth  +.........               N - +2 ring of evasion
                                Z - +5 ring of slaying

@: corroded equipment, very resistant to hostile enchantments, very unstealthy
A: antennae 1, big wings, rugged brown scales 1, cold resistance 1, frail 1,
magic resistance 1, negative energy resistance 1, electricity resistance,
unbreathing, petrification resistance, rot immunity, AC +9
a: Fly, Heroism, Finesse, Renounce Religion


You were on level 4 of the Lair of Beasts.
You worshipped Okawaru.
Okawaru was exalted by your worship.
You were not hungry.

You visited 4 branches of the dungeon, and saw 22 of its levels.
You also visited: Sewer.

You collected 2687 gold pieces.
You spent 260 gold pieces at shops.

Inventory:

Hand Weapons
 y - a +3 flail of holy wrath
 A - the +10 mace "Gelour" (weapon) {drain, rElec}
   (You found it on level 4 of the Dungeon)

   A truly terrible weapon, it drains the life of those it strikes.
   It insulates you from electricity.
Missiles
 x - 5 poisoned javelins (quivered)
Armour
 c - a +0 shield (worn)
 n - a +1 chain mail of fire resistance
 K - a +1 cloak of poison resistance (worn)
 S - the +1 ring mail "Soroba" (worn) {rElec Regen+ MP-9 Int+3}
   (You found it on level 9 of the Dungeon)

   It affects your intelligence (+3).
   It insulates you from electricity.
   It affects your magic capacity (-9).
   It increases your rate of regeneration.
 Y - a +0 pair of gloves (worn)
Jewellery
 H - an uncursed ring of protection from magic
 N - a +2 ring of evasion (right hand)
 T - an amulet of resist mutation (around neck)
 Z - a +5 ring of slaying (left hand)
Wands
 a - a wand of enslavement (9)
 w - a wand of disintegration (12)
 L - a wand of teleportation (4)
 R - a wand of digging (16)
 W - a wand of digging (9)
Scrolls
 g - 4 scrolls of identify
 k - 2 scrolls of fear {unknown}
 m - 2 scrolls of enchant weapon
 s - 5 scrolls of magic mapping {unknown}
 t - 8 scrolls of recharging
 u - 5 scrolls of fog
 v - 3 scrolls of blinking {unknown}
 B - a scroll of silence {unknown}
 C - 6 scrolls of teleportation {unknown}
 D - a scroll of random uselessness {unknown}
 F - 5 scrolls of immolation {unknown}
 I - a scroll of vulnerability {unknown}
 M - a scroll of acquirement {unknown}
 Q - 5 scrolls of remove curse
Potions
 d - 3 potions of might
 j - a potion of flight
 l - a potion of ambrosia
 o - 5 potions of curing
 p - 5 potions of haste
 q - 3 potions of heal wounds
 r - 3 potions of magic
 z - 2 potions of agility
 E - 3 potions of berserk rage
 G - a potion of invisibility
Miscellaneous
 b - a plain deck of changes
Comestibles
 e - 2 bread rations
 f - 10 meat rations
 h - a royal jelly
 i - 13 slices of pizza
 J - 3 chunks of flesh
 O - 16 fruits
 X - 3 beef jerkies


   Skills:
 + Level 12.0 Fighting
 + Level 13.1 Maces & Flails
 + Level 10.8 Armour
 - Level 2.5 Dodging
 - Level 0.2 Stealth
 + Level 14.5 Shields


You had 13 spell levels left.
You didn't know any spells.

Dungeon Overview and Level Annotations

Branches:
Dungeon (13/15)            Temple (1/1) D:5            Lair (4/8) D:9
    Orc (4/4) D:10            Elf (0/3) Orc:4
  Swamp: Lair:3-6    Shoals: Lair:3-6     Snake: Lair:3-6    Spider: Lair:3-6
 Vaults: D:13-14

Altars:
Ashenzari
Cheibriados
Dithmenos
Elyvilon
Fedhas
Gozag
Kikubaaqudgha
Makhleb
Nemelex Xobeh
Okawaru
Qazlal
Ru
Sif Muna
Trog
Vehumet
Xom
Yredelemnul
Zin
The Shining One

Shops:
D:7 %   Orc:1 (   Orc:4 =!![

Annotations:
Lair:4 exclusion: oklob plant


Innate Abilities, Weirdness & Mutations

You are resistant to torment.
Your stone body is resilient (AC +9).
You are immune to poison.
Your large and strong wings let you fly indefinitely.
You resist negative energy.
You are resistant to electric shocks.
You can survive without breathing.
You are immune to petrification.
You are immune to rotting.
You have a pair of small antennae on your head.
You are partially covered in rugged brown scales (AC +1, +3% HP).
Your flesh is cold resistant.
You are frail (-10% HP).
You are resistant to hostile enchantments.


Message History

You sock the oklob plant!
The oklob plant is lightly damaged.
You sock the oklob plant!
The oklob plant is heavily damaged.
You thump the oklob plant!
The oklob plant is severely damaged.
The oklob plant spits acid at you. The splash of acid hits you!
The acid corrodes you!
The acid burns!
You sock the oklob plant!
The oklob plant is almost destroyed.
The oklob plant spits acid at you. The splash of acid hits you!
The acid corrodes you!
The acid burns!
The oklob plant spits acid at you. The splash of acid hits you!
The acid burns!
* * * LOW HITPOINT WARNING * * *
The oklob plant spits acid at you. The splash of acid hits you!
* * * LOW HITPOINT WARNING * * *
The acid corrodes you!
The acid burns!
You die...

..# .# ... .#.......#...# ..#
# ....+.......##...# .######
.....##.####.##...##
..P#..##.....P.###P#.......#
.............................
..............................
..............................
............................
................@...........
.#####.#.....PP..##.#....#P.
.##P#.#.#....PP...##.....##.
.#...........#P...P#.....#
.......P...........P.....#
÷P......................
..P...........P....P.....
.##................##<...
.##P.####....###...# ....


You could see an oklob plant.

Vanquished Creatures
  A stone giant (Orc:4)
  Erolcha (D:8)
  The ghost of nublet the Black Sun, a journeyman DsNe of Kikubaaqudgha (Lair:1)
  2 hydras (Lair:4)
  The ghost of Yevrel the Grappler, a novice TrMo of Trog (Lair:1)
  A centaur warrior (D:13)
  Erica (D:8)
  4 orc high priests
  Sonja (Lair:1)
  The ghost of azaza322 the Blocker, a novice GrFi of the Shining One (D:6)
  2 hill giants
  A wolf spider zombie (D:13)
  4 orc knights (Orc:4)
  2 ugly things
  A manticore (D:13)
  3 orc sorcerers (Orc:4)
  Maurice (D:12)
  2 black mambas
  A centaur zombie (D:12)
  7 spiny frogs
  A centaur skeleton (D:13)
  3 gargoyles (D:13)
  2 komodo dragons
  Grinder (D:4)
  3 slime creatures
  7 blink frogs
  A trapdoor spider zombie (D:9)
  5 trolls
  2 wyverns
  8 yaks
  A deep elf mage (D:11)
  A basilisk (Lair:3)
  8 hippogriffs
  3 wargs
  Edmund (D:3)
  4 water moccasins
  A hungry ghost (D:13)
  5 porcupines
  23 orc warriors
  3 black bears
  A necrophage (D:10)
  3 ice beasts
  5 sky beasts
  14 ogres
  3 phantoms
  6 crocodiles
  8 centaurs
  17 giant frogs
  A wyvern zombie (D:13)
  3 scorpions
  A wyvern skeleton (D:8)
  A water moccasin skeleton (D:5)
  5 crimson imps
  9 wights
  15 killer bees
  A giant frog zombie (D:12)
  2 quasits (D:8)
  A vampire bat (D:9)
  Crazy Yiuf (D:4)
  2 hounds
  A jelly (D:7)
  8 iguanas
  A giant frog skeleton (D:4)
  31 orc priests
  12 worker ants
  25 orc wizards
  A killer bee zombie (D:10)
  13 sheep
  2 hound skeletons (D:5)
  7 gnolls
  2 worker ant zombies (D:6)
  13 adders
  6 river rats (Sewer)
  A shadow imp (D:8)
  5 oozes
  An adder skeleton (D:4)
  A giant gecko (D:3)
  198 orcs
  2 bat skeletons (D:9)
  3 bat zombies (D:9)
  6 giant cockroaches
  11 goblins
  8 hobgoblins
  7 kobolds
  4 quokkas
  10 ball pythons (Sewer)
  9 bats
  A giant gecko zombie (D:6)
  8 giant newts
  11 jackals
  A jackal skeleton (D:5)
  A jackal zombie (D:5)
  28 rats
  A plant (Lair:4)
659 creatures vanquished.

Vanquished Creatures (others)
  A hound (D:5)
  A fungus (Lair:1)
  3 plants (D:9)
5 creatures vanquished.

Grand Total: 664 creatures vanquished

Notes
Turn   | Place    | Note
--------------------------------------------------------------
     0 | D:1      | azaza322 the Gargoyle Fighter began the quest for the Orb.
     0 | D:1      | Reached XP level 1. HP: 14/14 MP: 1/1
    76 | D:1      | Reached XP level 2. HP: 19/19 MP: 2/2
   612 | D:1      | Reached XP level 3. HP: 22/24 MP: 3/3
   905 | D:2      | Noticed an earth elemental
   911 | D:2      | Noticed an air elemental
   912 | D:2      | Found a stormy altar of Qazlal.
   915 | D:2      | Noticed a fire elemental
   915 | D:2      | Noticed a water elemental
  1082 | D:2      | Reached skill level 4 in Fighting
  1277 | D:2      | Reached XP level 4. HP: 22/29 MP: 4/4
  1376 | D:2      | Reached skill level 1 in Dodging
  1778 | D:3      | Found a glowing drain.
  1814 | Sewer    | Entered a sewer
  1859 | Sewer    | Reached XP level 5. HP: 12/33 MP: 5/5
  2530 | Sewer    | Reached XP level 6. HP: 25/39 MP: 6/6
  2809 | Sewer    | Noticed a giant frog
  2809 | Sewer    | Noticed a giant frog
  2839 | Sewer    | Killed a giant frog
  2839 | Sewer    | Reached skill level 5 in Shields
  2841 | Sewer    | Killed a giant frog
  3530 | D:4      | Noticed Edmund
  3556 | D:3      | Killed Edmund
  3556 | D:3      | Reached XP level 7. HP: 28/44 MP: 7/7
  3694 | D:4      | Noticed Grinder
  3694 | D:4      | Paralysed by Grinder for 5 turns
  3700 | D:4      | Paralysed by Grinder for 6 turns
  3712 | D:4      | Killed Grinder
  3712 | D:4      | Reached skill level 5 in Fighting
  3712 | D:4      | Reached skill level 5 in Armour
  3712 | D:4      | Reached skill level 6 in Shields
  3957 | D:4      | Reached XP level 8. HP: 30/49 MP: 8/8
  4171 | D:4      | Got a twisted mace
  4172 | D:4      | Identified the +10 mace "Gelour" {drain, rElec} (You found it on level 4 of the Dungeon)
  4175 | D:4      | Noticed Crazy Yiuf
  4182 | D:4      | Killed Crazy Yiuf
  4828 | D:5      | Entered Level 5 of the Dungeon
  4845 | D:5      | Reached skill level 7 in Shields
  4936 | D:5      | Reached skill level 5 in Maces & Flails
  5269 | D:5      | Found a staircase to the Ecumenical Temple.
  5278 | Temple   | Entered the Ecumenical Temple
  5493 | Temple   | Became a worshipper of the Shining One
  5520 | D:5      | You fall through a shaft for 2 floors!
  5520 | D:7      | Found a sacrificial altar of Ru.
  5541 | D:7      | Was placed under penance by the Shining One
  5594 | D:7      | Found a white marble altar of Elyvilon.
  5686 | D:7      | Reached XP level 9. HP: 26/55 MP: 9/9
  5851 | D:7      | Found Deloipu's Food Boutique.
  6177 | D:6      | Noticed azaza322's ghost (novice GrFi)
  6229 | D:6      | Killed azaza322's ghost
  6229 | D:6      | Reached skill level 8 in Shields
  6603 | D:6      | Fell from the grace of the Shining One
  6699 | D:6      | Found a sparkling altar of Nemelex Xobeh.
  7283 | D:8      | Found an opulent altar of Gozag.
  7304 | D:8      | Noticed Erica
  7317 | D:8      | Killed Erica
  7317 | D:8      | Reached skill level 9 in Shields
  7317 | D:8      | Reached XP level 10. HP: 18/63 MP: 10/10
  7523 | D:8      | Noticed Erolcha
  7926 | D:9      | Reached skill level 10 in Shields
  8208 | D:9      | Got an encrusted ring mail
  8219 | D:9      | Identified the +1 ring mail "Soroba" {rElec Regen+ MP-9 Int+3} (You found it on level 9 of the Dungeon)
  8239 | D:9      | Found a bloodstained altar of Trog.
  8272 | D:9      | Found a deep blue altar of Sif Muna.
  8300 | D:9      | Found a staircase to the Lair.
  8451 | D:9      | Found an ancient bone altar of Kikubaaqudgha.
  8616 | D:8      | Killed Erolcha
  8616 | D:8      | Reached XP level 11. HP: 53/68 MP: 2/11
  8719 | D:8      | Gained mutation: You have a pair of small antennae on your head. [mutagenic meat]
  8720 | D:8      | Gained mutation: You are partially covered in rugged brown scales (AC +1, +3% HP). [mutagenic meat]
  8721 | D:8      | Gained mutation: Your flesh is cold resistant. [mutagenic meat]
  8722 | D:8      | Gained mutation: You are resistant to hostile enchantments. [mutagenic meat]
  8723 | D:8      | Gained mutation: You are frail (-10% HP). [mutagenic meat]
  8929 | D:8      | Found an iron altar of Okawaru.
  8937 | D:8      | Became a worshipper of Warmaster Okawaru
  9248 | D:10     | Entered Level 10 of the Dungeon
  9411 | D:10     | Found a staircase to the Orcish Mines.
  9495 | D:9      | Reached skill level 11 in Shields
 10129 | D:11     | Reached * piety under Okawaru
 10345 | D:11     | Reached ** piety under Okawaru
 10756 | D:11     | Noticed a hill giant
 10765 | D:11     | Killed a hill giant
 10765 | D:11     | Reached skill level 10 in Maces & Flails
 11042 | D:12     | Reached *** piety under Okawaru
 11209 | D:12     | Received a gift from Okawaru
 11209 | D:12     | Reached XP level 12. HP: 70/70 MP: 3/12
 11218 | D:12     | Reached skill level 10 in Armour
 11218 | D:12     | Reached skill level 12 in Shields
 11275 | D:12     | Noticed Maurice
 11282 | D:12     | Killed Maurice
 11494 | D:13     | Reached **** piety under Okawaru
 11650 | D:13     | Noticed a centaur warrior
 11653 | D:13     | Reached skill level 10 in Fighting
 11664 | D:13     | Killed a centaur warrior
 12099 | D:13     | Noticed a vault guard
 12225 | Orc:1    | Entered Level 1 of the Orcish Mines
 12225 | Orc:1    | Noticed Snorg
 12241 | D:10     | HP: 3/72 [Snorg (13)]
 12544 | Orc:1    | Found Ceceitygh's Weapon Shop.
 12583 | Orc:1    | Reached ***** piety under Okawaru
 13561 | Orc:3    | Noticed an orc high priest
 13599 | Orc:3    | Killed an orc high priest
 13978 | Orc:3    | You fall through a shaft!
 13978 | Orc:4    | Entered Level 4 of the Orcish Mines
 14149 | Orc:3    | Reached skill level 13 in Shields
 14391 | Orc:4    | Noticed a stone giant
 14417 | Orc:4    | Killed a stone giant
 14417 | Orc:4    | Received a gift from Okawaru
 14417 | Orc:4    | Reached XP level 13. HP: 48/77 MP: 4/13
 14870 | Orc:4    | Noticed an orc high priest
 14871 | Orc:4    | Noticed an orc high priest
 15067 | Orc:4    | Killed an orc high priest
 15159 | Orc:4    | Killed an orc high priest
 15266 | Orc:4    | Found a staircase to the Elven Halls.
 15495 | Orc:4    | Noticed an orc high priest
 15655 | Orc:4    | Killed an orc high priest
 15672 | Orc:4    | Found Ivywejuh's Antique Armour Shoppe.
 15672 | Orc:4    | Found Semattog's Jewellery Shop.
 15700 | Orc:4    | Found Lumuohux's Distillery.
 15700 | Orc:4    | Found Imuym's Distillery.
 15710 | Orc:4    | Bought a potion of curing for 36 gold pieces
 15711 | Orc:4    | Bought a potion of curing for 42 gold pieces
 15711 | Orc:4    | Bought a potion of heal wounds for 70 gold pieces
 15711 | Orc:4    | Bought a potion of curing for 42 gold pieces
 15711 | Orc:4    | Bought a potion of heal wounds for 70 gold pieces
 15930 | Lair:1   | Entered Level 1 of the Lair of Beasts
 16014 | Lair:1   | Noticed nublet's ghost (journeyman DsNe)
 16018 | Lair:1   | Reached skill level 14 in Shields
 16036 | Lair:1   | Killed nublet's ghost
 16078 | Lair:1   | Noticed Sonja
 16087 | Lair:1   | Killed Sonja
 16168 | Lair:1   | Noticed Yevrel's ghost (novice TrMo)
 16184 | Lair:1   | Killed Yevrel's ghost
 16870 | Lair:2   | Received a gift from Okawaru
 17803 | Lair:3   | Reached ****** piety under Okawaru
 18462 | Lair:4   | Gained mutation: Your large and strong wings let you fly indefinitely. [Gargoyle growth]
 18462 | Lair:4   | Reached XP level 14. HP: 65/85 MP: 5/14
 18480 | Lair:4   | Splashed by an oklob plant's acid

Action                   |  1- 3 |  4- 6 |  7- 9 | 10-12 | 13-15 || total
-------------------------+-------+-------+-------+-------+-------++-------
Melee: Flail             |   129 |   357 |    45 |       |       ||   531
       Mace              |       |       |   220 |   980 |   378 ||  1578
Throw: Tomahawk          |       |       |     1 |       |       ||     1
       Javelin           |       |       |       |     4 |       ||     4
Evoke: Wand              |       |       |       |       |     1 ||     1
  Use: Scroll            |       |     5 |       |    13 |     1 ||    19
       Potion            |       |     2 |     1 |     7 |       ||    10
  Eat: Chunk             |       |     8 |       |    13 |     8 ||    29
       Bread ration      |       |     1 |     2 |     4 |     2 ||     9
